 Dungeon Crawl Stone Soup version 0.30-a0-743-gbfdf073431 (webtiles) character file.

Game seed: 5859770809790803592

36411 hikkokomori the Fighter (level 13, -1/103 HPs)
             Began as a Demonspawn Gladiator on Feb 8, 2023.
             Was an Initiate of Okawaru.
             Splashed by a brown ugly thing's acid (5 damage)
             ... on level 9 of the Dungeon.
             The game lasted 00:20:42 (11613 turns).

hikkokomori the Fighter (Demonspawn Gladiator)     Turns: 11613, Time: 00:20:43

Health: -1/103     AC:  0    Str: 19    XL:     13   Next: 52%
Magic:  0/23       EV: 13    Int: 21    God:    Okawaru [......]
Gold:   492        SH:  6    Dex: 23    Spells: 20/25 levels left

rFire   + . .      SeeInvis +    o - +2 spear "Voemizik" {spect, Str+2 Int+4 SInv}
rCold   . . .      Faith    .    (no shield)
rNeg    . . .      Spirit   +    P - +1 ring mail {rF+}
rPois   .          Reflect  .    c - +0 helmet
rElec   .          Harm     .    I - +2 cloak of Neaxkauck {Rampage Dex+7}
rCorr   .          Rampage  +    (no gloves)
Will    .....                    D - +0 pair of boots
Stlth   ++++                     (no amulet)
HPRegen 0.37/turn                x - +4 ring of protection
MPRegen 0.36/turn                X - +6 ring of intelligence

@: corroded
A: large bone plates 2, spiny 2, magic shield, magic regeneration, weakness
stinger 2
a: Renounce Religion


You were on level 9 of the Dungeon.
You worshipped Okawaru.
Okawaru was noncommittal.
You visited 3 branches of the dungeon, and saw 13 of its levels.
You also visited: Bailey.

You collected 873 gold pieces.
You spent 381 gold pieces at shops.

Inventory:

Hand Weapons
 o - the +2 spear "Voemizik" (weapon) {spect, Str+2 Int+4 SInv}
   (You found it on level 2 of the Dungeon)

   Str:       It affects your strength (+2).
   Int:       It affects your intelligence (+4).
   SInv:      It lets you see invisible.
 K - the +9 hand crossbow "Kiskop" {freeze, rPois Str+4}
   (You found it in a bailey)

   Str:       It affects your strength (+4).
   rPois:     It protects you from poison.
Missiles
 d - 4 throwing nets (quivered)
 z - 9 javelins
 Z - 7 curare-tipped darts
Armour
 c - a +0 helmet (worn)
 B - a +2 leather armour of poison resistance
 D - a +0 pair of boots (worn)
 I - the +2 cloak of Neaxkauck (worn) {Rampage Dex+7}
   (You found it on level 6 of the Dungeon)

   Dex:       It affects your dexterity (+7).
   Rampage:   It bestows one free step when moving towards enemies.
 P - a +1 ring mail of fire resistance (worn)
 R - +0 steam dragon scales
Magical Staves
 g - a staff of conjuration
Jewellery
 b - an amulet of regeneration
 f - a ring of fire
 w - a ring of resist corrosion
 x - a +4 ring of protection (left hand)
 E - a ring of magical power
 X - a +6 ring of intelligence (right hand)
Wands
 e - a wand of paralysis (2)
 A - a wand of roots (26)
 C - a wand of light (15)
 V - a wand of flame (9)
Scrolls
 a - a scroll of summoning {unknown}
 h - 3 scrolls of teleportation
 k - 2 scrolls of poison
 l - 3 scrolls of vulnerability
 n - 4 scrolls of immolation
 s - 2 scrolls of fog {unknown}
 t - 3 scrolls of magic mapping {unknown}
 u - 4 scrolls of fear
 y - a scroll of amnesia {unknown}
 G - a scroll of noise {unknown}
 S - 2 scrolls of blinking {unknown}
 T - a scroll of silence {unknown}
 U - a scroll of torment {unknown}
 Y - 5 scrolls of enchant armour
Potions
 i - 2 potions of degeneration {unknown}
 j - 4 potions of lignification
 m - 11 potions of curing
 p - 2 potions of attraction
 q - 2 potions of haste {unknown}
 r - a potion of resistance {unknown}
 v - 2 potions of mutation
 F - a potion of brilliance {unknown}
 H - a potion of flight {unknown}
 M - a potion of cancellation
 N - 3 potions of might
 O - 3 potions of ambrosia
 Q - 4 potions of heal wounds {unknown}
 W - a potion of invisibility {unknown}
Miscellaneous
 J - a tin of tremorstones (1/2)


   Skills:
 + Level 10.0 Fighting
 - Level 3.2 Long Blades
 - Level 6.2 Polearms
 + Level 8.0 Ranged Weapons
 - Level 1.7 Throwing
 - Level 2.9 Armour
 + Level 3.4 Dodging
 - Level 8.4 Stealth
 - Level 6.7 Spellcasting
 - Level 2.5 Hexes
 - Level 6.3 Ice Magic
 - Level 6.9 Invocations
 - Level 7.0 Evocations


You had 20 spell levels left.
You knew the following spells:

 Your Spells              Type           Power      Damage    Failure   Level
a - Ensorcelled Hibernat  Hex/Ice        50%        N/A       3%          2
b - Ozocubu's Armour      Ice            33%        N/A       3%          3

Your spell library contained the following spells:

 Spells                   Type           Power      Damage    Failure   Level
 Passwall                 Tmut/Erth      5%         N/A       22%         2
 Inner Flame              Hex/Fire       12%        N/A       26%         3
 Swiftness                Air            7%         N/A       41%         3
 Cause Fear               Hex            8%         N/A       47%         4
 Anguish                  Hex/Necr       6%         N/A       65%         4
 Leda's Liquefaction      Hex/Erth       6%         N/A       65%         4
 Lee's Rapid Deconstruct  Erth           3%         3d5*      99%         5
 Statue Form              Tmut/Erth      4%         N/A       100%        6
 Enfeeble                 Hex            8%         N/A       100%        7
 Ozocubu's Refrigeration  Ice            16%        4d11      100%        7
 Discord                  Hex            8%         N/A       100%        8


Dungeon Overview and Level Annotations

Branches:
Dungeon (10/15)            Temple (1/1) D:6            Lair (2/5) D:9
  Snake (0/4) Lair:2       Bailey (visited)
  Swamp: Lair:2-3    Shoals: Lair:2-3       Orc: D:9-12

Altars:
Ashenzari
Cheibriados
Dithmenos
Fedhas
Gozag
Hepliaklqana
Kikubaaqudgha
Makhleb
Nemelex Xobeh
Okawaru
Qazlal
Ru
Sif Muna
Trog
Uskayaw
Vehumet
Wu Jian
Xom
Yredelemnul

Shops:
D:7 !   D:9 [

Annotations:
D:1 1 transporter


Innate Abilities, Weirdness & Mutations

You are mostly covered in large bone plates. (SH +6)
You are mostly covered in sharp spines.
When hurt, damage is shared between your health and your magic reserves.
You regenerate magic rapidly.
You have a tail ending in a sharp stinger.


Message History

The brown ugly thing bites you!
You are splashed with acid!
You hit the brown ugly thing but do no damage.
Your tail-slap misses the brown ugly thing.
The brown ugly thing is lightly wounded.
Your +2 spear "Voemizik" {spect, Str+2 Int+4 SInv} hits the brown ugly thing.
The brown ugly thing is struck by your spines.
The brown ugly thing bites you!
You are splashed with acid!
You hit the brown ugly thing but do no damage.
You tail-slap the brown ugly thing, but do no damage.
The brown ugly thing is moderately wounded.
Your +2 spear "Voemizik" {spect, Str+2 Int+4 SInv} hits the brown ugly thing!
You hit the brown ugly thing but do no damage.
The brown ugly thing is moderately wounded.
Your +2 spear "Voemizik" {spect, Str+2 Int+4 SInv} hits the brown ugly thing!
The brown ugly thing bites you but does no damage.
You hit the brown ugly thing but do no damage.
The brown ugly thing is heavily wounded.
Your +2 spear "Voemizik" {spect, Str+2 Int+4 SInv} hits the brown ugly thing!
Cornered, the brown ugly thing turns to fight!
The brown ugly thing bites you!
* * * LOW HITPOINT WARNING * * *
You are splashed with acid!
* * * LOW HITPOINT WARNING * * *
You hit the brown ugly thing but do no damage.
The brown ugly thing is severely wounded.
Your +2 spear "Voemizik" {spect, Str+2 Int+4 SInv} hits the brown ugly thing!
The brown ugly thing bites you but does no damage.
You hit the brown ugly thing but do no damage.
The brown ugly thing is almost dead.
Your +2 spear "Voemizik" {spect, Str+2 Int+4 SInv} hits the brown ugly thing.
The brown ugly thing bites you.
* * * LOW HITPOINT WARNING * * *
You are splashed with acid!
* * * LOW HITPOINT WARNING * * *
You block the brown ugly thing's attack.
The brown ugly thing is struck by your spines.
The brown ugly thing bites you!
* * * LOW HITPOINT WARNING * * *
The acid corrodes you!
You are splashed with acid.
You die...

#.....#
####.######......#
#.....####....# #......#
#.............# #......#
#...##...##...# #......#
#..##.....##..# #.######
###..#.......#>u# #.#
....##.....).##.######.#
#...#.........#.u§.....#
#..##.........#.@......#
#..#.......#####.......#
#..#....####...#.......#
#..#.(..#......#.......#
#..#...##......#.......#
#.##...#...#...##......#
#.#....#...#....#......#
#.#..)##...##...#......#
#.#...#...†.#...#......#


You could see 2 ugly things.

Vanquished Creatures
  A hydra (Lair:2)
  3 two-headed ogres
  Erica (Lair:2)
  Sonja (Lair:2)
  An orc knight (Bailey)
  Pikel (D:6)
  A deep elf pyromancer (D:8)
  An ugly thing (D:9)
  A manticore (D:8)
  Maurice (D:9)
  3 cane toads
  An unseen horror (D:10)
  3 komodo dragons (Lair:2)
  2 polar bears
  4 blink frogs (Lair:1)
  Grinder (D:4)
  A wraith (D:9)
  29 yaks
  A vampire mosquito (D:8)
  3 steam dragons (D:8)
  2 basilisks (Lair:1)
  A naga (Lair:2)
  An acid dragon (D:10)
  9 water moccasins
  14 orc warriors
  A sky beast (D:8)
  A black bear (D:8)
  3 ice beasts
  3 wolves (Lair:2)
  2 ogres
  5 centaurs
  3 kobold brigands
  2 necrophages
  3 scorpions
  12 bullfrogs
  8 wights
  16 killer bees
  2 howler monkeys
  3 jellies
  5 orc priests
  6 hounds
  5 iguanas
  Ijyb (D:4)
  10 orc wizards
  6 adders
  3 gnolls (D:5)
  2 shadow imps
  2 white imps
  2 ufetubi
  A worm (D:2)
  A dart slug (D:4)
  63 orcs
  3 ball pythons
  7 endoplasms
  4 giant cockroaches
  6 goblins
  10 hobgoblins
  5 quokkas
  4 bats
  2 frilled lizards
  12 kobolds
  2 rats
313 creatures vanquished.

Vanquished Creatures (others)
  4 fungi
  20 plants
24 creatures vanquished.

Grand Total: 337 creatures vanquished

Notes
Turn   | Place    | Note
-------+----------+-------------------------------------------
     0 | D:1      | hikkokomori the Demonspawn Gladiator began the quest for
                  | the Orb.
     0 | D:1      | Reached XP level 1. HP: 16/16 MP: 1/1
   220 | D:1      | Gained mutation: You regenerate magic rapidly. [demonic
                  | ancestry]
   220 | D:1      | Reached XP level 2. HP: 22/22 MP: 2/2
   327 | D:1      | Reached skill level 1 in Stealth
   725 | D:2      | Gained mutation: You are partially covered in sharp spines.
                  | [demonic ancestry]
   725 | D:2      | Reached XP level 3. HP: 9/28 MP: 3/3
  1038 | D:2      | Identified the +2 spear "Voemizik" {spect, Str+2 Int+4
                  | SInv}
  1108 | D:2      | Found a faded altar of an unknown god.
  1590 | D:3      | Reached skill level 3 in Fighting
  1590 | D:3      | Reached XP level 4. HP: 35/35 MP: 4/4
  1764 | D:3      | Noticed a scorpion
  1768 | D:3      | Killed a scorpion
  1769 | D:3      | Gained mutation: You are mostly covered in sharp spines.
                  | [demonic ancestry]
  1769 | D:3      | Reached XP level 5. HP: 40/42 MP: 5/5
  1961 | D:3      | Reached skill level 4 in Fighting
  2336 | D:4      | Found a bloodstained altar of Trog.
  2336 | D:4      | Found an opulent altar of Gozag.
  2337 | D:4      | Found a hazy altar of Hepliaklqana.
  2341 | D:4      | Gained mutation: You have a small tail. [demonic ancestry]
  2341 | D:4      | Reached XP level 6. HP: 42/49 MP: 6/6
  2375 | D:4      | Found a sacrificial altar of Ru.
  2463 | D:4      | Noticed Grinder
  2481 | D:4      | Killed Grinder
  2482 | D:4      | Reached skill level 5 in Fighting
  2485 | D:4      | Noticed Ijyb
  2498 | D:4      | Killed Ijyb
  2747 | D:5      | Entered Level 5 of the Dungeon
  2751 | D:5      | Gained mutation: You are partially covered in large bone
                  | plates. (SH +4) [demonic ancestry]
  2751 | D:5      | Reached XP level 7. HP: 56/56 MP: 7/7
  2763 | D:5      | Found a stormy altar of Qazlal.
  2817 | D:5      | Reached skill level 5 in Stealth
  2856 | D:5      | Found a shadowy altar of Dithmenos.
  2994 | D:5      | Reached skill level 6 in Fighting
  3094 | D:5      | Identified the +1 robe "Buiffu Vath" {rN+ Int+2}
  3551 | D:6      | Gained mutation: When hurt, damage is shared between your
                  | health and your magic reserves. [demonic ancestry]
  3551 | D:6      | Reached XP level 8. HP: 65/65 MP: 8/8
  3650 | D:6      | Noticed Pikel
  3656 | D:6      | Killed Pikel
  3657 | D:6      | Reached skill level 7 in Fighting
  3948 | D:6      | Noticed a troll
  4012 | D:6      | Gained mutation: You are mostly covered in large bone
                  | plates. (SH +6) [demonic ancestry]
  4012 | D:6      | Reached XP level 9. HP: 74/74 MP: 14/14
  4041 | D:6      | Reached skill level 8 in Fighting
  4217 | D:6      | Found a staircase to the Ecumenical Temple.
  4266 | D:6      | Identified the +2 cloak of Neaxkauck {Rampage Dex+7}
  4513 | Temple   | Entered the Ecumenical Temple
  4686 | D:7      | Reached skill level 1 in Armour
  4729 | D:7      | Found a flagged portal.
  4756 | D:7      | Learned a level 2 spell: Ensorcelled Hibernation
  4757 | Bailey   | Entered a bailey
  4879 | Bailey   | Reached skill level 1 in Hexes
  4879 | Bailey   | Reached skill level 1 in Ice Magic
  4879 | Bailey   | Reached skill level 1 in Evocations
  4888 | Bailey   | Reached skill level 9 in Fighting
  4988 | Bailey   | Reached XP level 10. HP: 77/83 MP: 16/16
  5259 | Bailey   | Learned a level 3 spell: Ozocubu's Armour
  5260 | Bailey   | Noticed an orc knight
  5290 | Bailey   | Killed an orc knight
  5499 | Bailey   | Identified the +9 hand crossbow "Kiskop" {freeze, rPois
                  | Str+4}
  5647 | D:7      | Found Nanur's Distillery.
  5650 | D:7      | Bought a potion of cancellation for 96 gold pieces
  5650 | D:7      | Bought 2 potions of might for 96 gold pieces
  6258 | D:8      | Noticed a two-headed ogre
  6268 | D:8      | Killed a two-headed ogre
  6269 | D:8      | Reached skill level 1 in Polearms
  6269 | D:8      | Reached skill level 1 in Ranged Weapons
  6471 | D:8      | Noticed a deep elf pyromancer
  6476 | D:8      | Killed a deep elf pyromancer
  6501 | D:8      | Noticed a two-headed ogre
  6506 | D:8      | Killed a two-headed ogre
  6535 | D:8      | Reached XP level 11. HP: 65/90 MP: 14/17
  6593 | D:8      | Reached skill level 10 in Fighting
  7317 | D:9      | Noticed Maurice
  7328 | D:9      | Killed Maurice
  7406 | D:9      | Found Viutuwk's Antique Armour Shop.
  7474 | D:9      | Bought a translucent leather armour for 189 gold pieces
  7474 | D:9      | Identified the +2 leather armour of Poor Excuses {rPois}
                  | (You bought it in a shop on level 9 of the Dungeon)
  7499 | D:9      | Reached skill level 5 in Evocations
  7519 | D:9      | Reached skill level 5 in Spellcasting
  7724 | D:9      | Noticed a two-headed ogre
  7736 | D:9      | Killed a two-headed ogre
  8009 | D:9      | Reached skill level 5 in Ice Magic
  8146 | D:9      | Found a staircase to the Lair.
  8435 | Lair:1   | Entered Level 1 of the Lair of Beasts
  8953 | Lair:1   | Reached skill level 5 in Polearms
  8953 | Lair:1   | Reached skill level 5 in Ranged Weapons
  9338 | Lair:2   | Gained mutation: You have a tail ending in a sharp stinger.
                  | [demonic ancestry]
  9338 | Lair:2   | Reached XP level 12. HP: 97/97 MP: 21/21
  9348 | Lair:2   | Noticed Erica
  9349 | Lair:2   | Noticed Sonja
  9375 | Lair:2   | Killed Erica
  9590 | Lair:2   | Killed Sonja
  9776 | Lair:2   | Found a staircase to the Snake Pit.
  9880 | Lair:2   | Noticed a four-headed hydra
  9886 | Lair:2   | Killed a four-headed hydra
 10661 | D:10     | Entered Level 10 of the Dungeon
 10836 | D:10     | Found a radiant altar of Vehumet.
 10837 | D:10     | Found a broken altar of Ashenzari.
 10837 | D:10     | Found an iron altar of Okawaru.
 10841 | D:10     | Became a worshipper of Warmaster Okawaru
 11099 | D:10     | Found a runed translucent gate.
 11099 | D:10     | Found a runed translucent gate.
 11099 | D:10     | Found a runed translucent gate.
 11190 | D:10     | Found a blossoming altar of Fedhas.
 11193 | D:10     | Found an ancient bone altar of Kikubaaqudgha.
 11207 | D:10     | Reached skill level 1 in Invocations
 11587 | D:10     | Reached XP level 13. HP: 103/103 MP: 23/23
 11613 | D:9      | HP: 4/103 [brown ugly thing (11)]
 11613 | D:9      | Splashed by a brown ugly thing's acid

Illustrated notes

Levels and vault maps discovered:
D:1:      spicycebolla_arrival_risky_transporter, layout_loops_ring,
          serial_glass, glass_columns_a, glass_columns_c
D:2:      layout_loops_corners, ebering_ecumenical_altar_hall
D:3:      minmay_skewed_foursquare, layout_basic
D:4:      layout_cave_pools, nicolae_overflow_quartered_altars, eino_curves_02,
          uniq_grinder, uniq_ijyb
D:5:      layout_cave_pods, nicolae_qazlal_scattered_showers,
          grunt_dithmenos_shadows
D:6:      old_forge, layout_gridville, minmay_temple_entry_poolview,
          lightli_corner_chamber, uniq_pikel
D:7:      layout_loops_ring, enter_bailey_4, serial_shops, kennysheep_mini
D:8:      nzn_winding_woodlands_medium [nzn_winding_woodlands_5x5_default,
          nzn_winding_woodlands_5x15_river_crossing,
          nzn_winding_woodlands_5x5_three,
          nzn_winding_woodlands_5x5_closed_star,
          nzn_winding_woodlands_center_garden,
          nzn_winding_woodlands_5x5_default, nzn_winding_woodlands_5x5_cross,
          nzn_winding_woodlands_5x15_zeroes,
          nzn_winding_woodlands_5x5_open_star], layout_loops_ring
D:9:      kennysheep_spiral_hall, layout_irregular_city, david_lair_shrubbed,
          serial_shops, shop, uniq_maurice
D:10:     layout_basic, mainiacjoe_overflow_alcove_3,
          grunt_temple_overflow_growth_and_decay,
          ploomutoo_gammafunk_ghost_potion_laboratory, corexii_hall_statues_x
Temple:   cyrus_temple_forest
Lair:1:   layout_roguey, infiniplex_staircase_pool_2, grunt_megastairs_1
Lair:2:   layout_small_grid, guppyfry_snake_entry_island, uniq_erica, uniq_sonja

Skill      XL: |  1  2  3  4  5  6  7  8  9 10 11 12 |
---------------+-------------------------------------+-----
Long Blades    | 3 |  3.2
Stealth        | 1 2 3 4 6 7 8 |  8.4
Fighting       | 3 4 5 6 7 9 10 | 10.0
Spellcasting   | 3 4 6 |  6.7
Armour         | 2 |  2.9
Dodging        | 3 |  3.4
Hexes          | 1 2 |  2.5
Ice Magic      | 1 3 5 6 |  6.3
Evocations     | 1 4 6 7 |  7.0
Polearms       | 3 5 6 |  6.2
Ranged Weapons | 3 5 8 |  8.0
Invocations    | 6 |  6.9
Throwing       | |  1.7

Action                     |  1- 3 |  4- 6 |  7- 9 | 10-12 | 13-15 || total
---------------------------+-------+-------+-------+-------+-------++-------
  Melee: Long sword        |    53 |       |       |       |       ||    53
         Spear             |    16 |    57 |   215 |   457 |    13 ||   758
         Tailslap          |       |     3 |    23 |    72 |     3 ||   101
         Punch             |       |       |     3 |    14 |     1 ||    18
   Fire: Hand crossbow     |       |       |       |     8 |       ||     8
  Throw: Javelin           |       |       |       |     9 |       ||     9
   Cast: Ozocubu's Armour  |       |       |       |     2 |       ||     2
  Evoke: Wand              |       |       |     2 |     7 |       ||     9
         Tin of tremorston |       |       |       |     3 |       ||     3
    Use: Scroll            |       |       |     8 |     2 |     1 ||    11
         Potion            |       |       |       |     1 |       ||     1
   Stab: Sleeping          |     3 |     8 |     9 |    25 |       ||    45
         Distracted        |       |       |     3 |    10 |       ||    13
         Invisible         |       |       |     2 |     2 |       ||     4
 Armour: Leather armour    |    17 |     3 |    39 |    11 |       ||    70
         Ring mail         |       |       |       |    93 |     4 ||    97
  Dodge: Dodged            |    34 |    12 |    78 |   160 |     3 ||   287
  Block: Other             |       |       |    35 |    83 |     3 ||   121

Table legend: (Time is in decaauts)
 A = Elapsed time spent in this place.
 B = Non-inter-level travel time spent in this place.
 C = Inter-level travel time spent in this place.
 D = Time resting spent in this place.
 E = Time spent auto-exploring this place.
 F = Levels seen in this place.
 G = Mean time per level.
                   A        B        C        D        E       F      G
               +--------+--------+--------+--------+--------+-----+--------+
         Total |  11667 |  11124 |    543 |    377 |   8876 |  14 |  833.4 |
       Dungeon |   8535 |   8095 |    440 |      7 |   6751 |  10 |  853.5 |
        Temple |     80 |     41 |     39 |      0 |     24 |   1 |   80.0 |
          Lair |   2211 |   2148 |     63 |    167 |   1675 |   2 | 1105.5 |
        Bailey |    839 |    839 |      0 |    203 |    426 |   1 |  839.0 |
               +--------+--------+--------+--------+--------+-----+--------+

Top non-repeatable levels by time:
  Lair:2: 1270 daAuts
     D:9: 1186 daAuts
     D:8: 1069 daAuts
     D:6: 1061 daAuts
     D:2: 956 daAuts
  Lair:1: 941 daAuts
    D:10: 924 daAuts
  Bailey: 839 daAuts
     D:5: 767 daAuts
     D:7: 760 daAuts
     D:1: 642 daAuts
     D:3: 618 daAuts
     D:4: 549 daAuts
  Temple: 80 daAuts
